 Dungeon Crawl Stone Soup version 0.19-a0-734-ge18daf0 (webtiles) character file.

189 inmateoo the Cudgeler (level 5, -1/30 HPs)
             Began as a Gargoyle Gladiator on June 22, 2016.
             Slain by an orc warrior
             ... wielding a cursed -3 dire flail
              (14 damage)
             ... on level 4 of the Dungeon.
             The game lasted 00:03:24 (2899 turns).

inmateoo the Cudgeler (Gargoyle Gladiator)          Turns: 2899, Time: 00:03:25

Health: -1/30      AC: 14    Str: 19    XL:     5   Next: 68%
Magic:  5/5        EV:  8    Int:  9    God:
Gold:   147        SH:  0    Dex: 10    Spells: 0 memorised, 4 levels left

rFire  . . .     SeeInvis .     a - +0 flail
rCold  . . .     Gourm    .     w - +0 chain mail
rNeg   + . .     Faith    .     (no shield)
rPois  ∞         Spirit   .     c - +0 helmet
rElec  +         Dismiss  .     i - +0 cloak
rCorr  .         Reflect  .     (no gloves)
SustAt .         Harm     .     (no boots)
MR     .....                    (no amulet)
Stlth  ..........               (no ring)
                                l - ring of wizardry

@: not resistant to hostile enchantments, extremely unstealthy
A: negative energy resistance 1, electricity resistance, unbreathing,
petrification resistance, rot immunity, AC +4
a: no special abilities


You were on level 4 of the Dungeon.
You were near starving.

You visited 1 branch of the dungeon, and saw 4 of its levels.

You collected 147 gold pieces.

Inventory:

Hand Weapons
 a - a +0 flail (weapon)
Missiles
 d - 3 throwing nets (quivered)
Armour
 c - a +0 helmet (worn)
 i - a +0 cloak (worn)
 w - a +0 chain mail (worn)
Jewellery
 l - a ring of wizardry (left hand)
 v - a +3 ring of intelligence {unknown}
Wands
 r - a wand of polymorph (0/24)
 A - a wand of heal wounds (0/9)
Scrolls
 e - a scroll of enchant weapon {unknown}
 h - 4 scrolls of amnesia {unknown}
 k - 5 scrolls of remove curse {unknown}
 m - a scroll of enchant armour {unknown}
 n - a scroll of recharging {unknown}
 p - a scroll of random uselessness {unknown}
 q - 6 scrolls of identify {unknown}
 s - a scroll of magic mapping {unknown}
 x - a scroll of immolation {unknown}
 y - 2 scrolls of fear {unknown}
 C - a scroll of blinking {unknown}
Potions
 b - 2 potions of magic {unknown}
 o - 2 potions of curing {unknown}
 t - a potion of might {unknown}
 z - a potion of cure mutation {unknown}
Comestibles
 f - 3 bread rations
 g - a meat ration
 j - 4 slices of pizza
 u - a beef jerky
 B - a royal jelly


   Skills:
 - Level 2.1 Fighting
 * Level 6.2 Maces & Flails
 - Level 1.7 Throwing
 - Level 2.4 Dodging


You had 4 spell levels left.
You didn't know any spells.

Dungeon Overview and Level Annotations

Branches:
Dungeon (4/15)
 Temple: D:4-7

Altars:
Ashenzari
Elyvilon
Trog
Xom
The Shining One


Innate Abilities, Weirdness & Mutations

You are resistant to torment.
Your stone body is resilient. (AC +4)
You are immune to poison.
You resist negative energy. (rN+)
You are resistant to electric shocks. (rElec)
You can survive without breathing.
You are immune to petrification.
You are immune to rotting.


Message History

The orc warrior hits you but does no damage.
You barely miss the orc warrior.
The orc warrior is heavily wounded.
The orc warrior closely misses you.
You hit the orc warrior but do no damage.
The orc warrior is heavily wounded.
The orc warrior hits you with an enchanted dire flail!
You sock the orc warrior!
The orc warrior is almost dead.
The orc warrior barely misses you.
You barely miss the orc warrior.
The orc warrior is almost dead.
The orc warrior hits you with an enchanted dire flail.
You hit the orc warrior.
The orc warrior is almost dead.
The orc warrior barely misses you.
You closely miss the orc warrior.
The orc warrior is almost dead.
The orc warrior hits you with an enchanted dire flail!
You die...

.......#####'######.
.......# #..........
## #..........
#..........
#..........
#........(.
#..........
#.####+#...
#.@oo#.###.
####J#..#
######.##.#
#......o..##
#........o.#
#........#.#
#.............#
####...#..{.o.#
#........>...


You could see an orc warrior, an ooze and an orc.

Vanquished Creatures
  Jessica (D:2)
  Terence (D:2)
  5 adders
  An adder skeleton (D:4)
  3 worms (D:2)
  3 dart slugs
  2 giant geckos (D:3)
  2 orcs
  3 ball pythons (D:1)
  5 giant cockroaches
  5 goblins
  8 hobgoblins
  4 jackals (D:2)
  12 kobolds
  A quokka (D:2)
  9 bats
  3 giant newts
  8 rats
76 creatures vanquished.

Vanquished Creatures (others)
  A wizard (D:3)
1 creature vanquished.

Grand Total: 77 creatures vanquished

Notes
Turn   | Place    | Note
--------------------------------------------------------------
     0 | D:1      | inmateoo the Gargoyle Gladiator began the quest for the Orb.
     0 | D:1      | Reached XP level 1. HP: 12/12 MP: 1/1
   172 | D:1      | Reached XP level 2. HP: 17/17 MP: 2/2
   174 | D:1      | Found a shattered altar of Ashenzari.
   378 | D:1      | Reached skill level 4 in Maces & Flails
   449 | D:1      | Reached XP level 3. HP: 8/21 MP: 3/3
  1154 | D:2      | Noticed Jessica
  1164 | D:2      | Killed Jessica
  1164 | D:2      | Reached XP level 4. HP: 25/26 MP: 4/4
  1293 | D:2      | Reached skill level 5 in Maces & Flails
  1316 | D:2      | Found a glowing golden altar of the Shining One.
  1614 | D:2      | Noticed Terence
  1614 | D:2      | Reached XP level 5. HP: 30/30 MP: 5/5
  1628 | D:2      | Killed Terence
  2095 | D:3      | Reached skill level 6 in Maces & Flails
  2228 | D:3      | Found a bloodstained altar of Trog.
  2229 | D:3      | Noticed a wizard
  2235 | D:3      | Killed a wizard
  2784 | D:3      | Found a white marble altar of Elyvilon.
  2786 | D:3      | Found a shimmering altar of Xom.
  2864 | D:4      | Noticed an orc warrior
  2899 | D:4      | Slain by an orc warrior

Vault maps used:
D:1:      lemuel_arrival_funnel, kennysheep_nondescript, st_stairs_6,
          nicolae_ashenzari_panopticon
D:2:      nicolae_tso_swordbearing_angel, uniq_terence, uniq_jessica
D:3:      nicolae_overflow_hidden_temple, minmay_misc_feat_nine_boxes,
          trog_wizard
D:4:      first_bread

Skill      XL: |  1  2  3  4  5 |
---------------+----------------+-----
Maces & Flails | 4 5 6 |  6.2
Fighting       | |  2.1
Throwing       | |  1.7
Dodging        | |  2.4

Action                   |  1- 3 |  4- 6 || total
-------------------------+-------+-------++-------
Melee: Flail             |    83 |   198 ||   281
Evoke: Wand              |       |     5 ||     5
  Eat: Chunk             |     1 |     4 ||     5
Armor: Leather armour    |    33 |    27 ||    60
       Chain mail        |       |   116 ||   116
Dodge: Dodged            |    51 |   106 ||   157
